 Dungeon Crawl Stone Soup version 0.19.5 (webtiles) character file.

471 Gargoyl the Skirmisher (level 7, -8/60 HPs)
             Began as a Ghoul Abyssal Knight on Mar 14, 2017.
             Was a Believer of Lugonu.
             Mangled by Rrauwl's ghost (16 damage)
             ... on level 6 of the Dungeon.
             The game lasted 00:09:34 (4006 turns).

Gargoyl the Skirmisher (Ghoul Abyssal Knight)       Turns: 4006, Time: 00:09:35

Health: -8/60      AC: 15    Str: 16    XL:     7   Next: 9%
Magic:  8/8        EV:  8    Int:  7    God:    Lugonu [**....]
Gold:   185        SH:  0    Dex: 10    Spells: 0 memorised, 6 levels left

rFire  . . .     SeeInvis .     s - +0 war axe
rCold  + + .     Gourm    .     n - +0 plate armour
rNeg   + + +     Faith    .     (no shield)
rPois  ∞         Spirit   .     l - +2 helmet
rElec  .         Reflect  .     (no cloak)
rCorr  .         Harm     .     (no gloves)
MR     .....                    (no boots)
Stlth  ..........               (no amulet)
                                m - ring of protection from cold
                                d - +3 ring of evasion

@: rotting
A: rotting body, claws 1, carnivore 3, cold resistance 1, negative energy
resistance 3, slow regeneration 1, torment resistance, unbreathing
a: Depart the Abyss, Bend Space, Renounce Religion


You were on level 6 of the Dungeon.
You worshipped Lugonu.
Lugonu was pleased with you.
You were not hungry.

You visited 1 branch of the dungeon, and saw 5 of its levels.
You visited the Abyss 1 time.

You collected 185 gold pieces.

Inventory:

Hand Weapons
 j - a +0 spear
 s - a +0 war axe (weapon)
Missiles
 g - 11 javelins (quivered)
Armour
 l - a +2 helmet (worn)
 n - a +0 plate armour (worn)
Jewellery
 d - a +3 ring of evasion (left claw)
 m - a ring of protection from cold (right claw)
Wands
 e - a wand of confusion (25/48)
 f - a wand of teleportation (1/9)
 u - a wand of random effects (11/48)
Scrolls
 a - 2 scrolls of recharging {unknown}
 b - 3 scrolls of identify
 h - 2 scrolls of teleportation
 o - a scroll of remove curse
Potions
 k - a potion of degeneration {unknown}
 q - a potion of resistance {unknown}
 t - a potion of cancellation {unknown}
Books
 w - a book of Changes

   Spells                             Type                      Level
   a - Beastly Appendage              Transmutation                1
   b - Sticks to Snakes               Transmutation                2
   c - Spider Form                    Transmutation/Poison         3
   d - Ice Form                       Ice/Transmutation            4
   e - Blade Hands                    Transmutation                5
Comestibles
 c - 5 meat rations
 i - 2 beef jerkies
 v - 5 chunks of flesh


   Skills:
 + Level 4.5 Fighting
 + Level 3.9 Axes
 * Level 4.0 Armour
 + Level 1.1 Dodging
 * Level 3.9 Invocations


You had 6 spell levels left.
You didn't know any spells.

Dungeon Overview and Level Annotations

Branches:
Dungeon (4/15)
 Temple: D:4-7

Altars:
Cheibriados
Elyvilon
Fedhas
Kikubaaqudgha
Nemelex Xobeh
Okawaru
Ru
Vehumet
The Shining One

Annotations:
D:2 Sigmund
D:6 Rrauwl's ghost, novice TrBe


Innate Abilities, Weirdness & Mutations

Your body is rotting away.
You thrive on raw meat.
You are immune to poison.
You have sharp fingernails.
You are carnivorous and can eat meat at any time.
Your flesh is cold resistant. (rC+)
You are immune to negative energy. (rN+++)
You regenerate slowly when monsters are visible.
You are immune to unholy pain and torment.
You can survive without breathing.


Message History

Found a ruby ring.
You hit Rrauwl's ghost.
Rrauwl's ghost is lightly damaged.
Rrauwl's ghost hits you!
You closely miss Rrauwl's ghost.
Rrauwl's ghost is lightly damaged.
Rrauwl's ghost hits you.
Your plate armour prevents you from hitting Rrauwl's ghost.
Rrauwl's ghost is lightly damaged.
Rrauwl's ghost hits you!! x2
* * * LOW HITPOINT WARNING * * *
Okay, then.
Unknown command.
Unknown command.
You see here 19 stones.
Rrauwl's ghost hits you but does no damage.
Rrauwl's ghost feints to the left.
Rrauwl's ghost closely misses you. Rrauwl's ghost hits you!
You die...

#........###.#
#............#
#.........####
#...........#
#####.#######
#...# #.###
#...#####
###.#.@.#
#.#.#W#####
#..(#.....#
############.#
#.###....# #.#
#.#...##.# #.#
#.#......# #.#
#.#....#.# #.#
#.#....#.##
#.#


You could see Rrauwl's ghost.

Vanquished Creatures
  A bullfrog (D:3)
  A hound (D:4)
  An iguana (D:4)
  Natasha (twice) (D:2)
  A worker ant (D:6)
  A hound skeleton (D:4)
  Robin (D:2)
  4 gnolls
  12 adders
  A worm (D:3)
  3 dart slugs (D:2)
  A leopard gecko (D:1)
  8 orcs
  4 giant cockroaches
  18 goblins
  7 hobgoblins
  2 jackals (D:3)
  A ball python (D:4)
  7 bats
  4 frilled lizards
  11 kobolds
  A leopard gecko zombie (D:4)
  7 rats
99 creatures vanquished.

Vanquished Creatures (others)
  A human (D:2)
1 creature vanquished.

Grand Total: 100 creatures vanquished

Notes
Turn   | Place    | Note
-------+----------+-------------------------------------------
     0 | Abyss:1  | Gargoyl the Ghoul Abyssal Knight began the quest for the Orb.
     0 | Abyss:1  | Reached XP level 1. HP: 19/19 MP: 1/1
    65 | Abyss:2  | Noticed a tentacled starspawn
    70 | Abyss:2  | Noticed an ancient zyme
    71 | D:1      | Escaped the Abyss
   234 | D:1      | Reached * piety under Lugonu
   234 | D:1      | Reached XP level 2. HP: 26/27 MP: 2/2
   760 | D:1      | Reached skill level 1 in Dodging
   765 | D:1      | Reached XP level 3. HP: 29/33 MP: 3/3
  1158 | D:2      | Found a snail-covered altar of Cheibriados.
  1184 | D:2      | Noticed Natasha
  1196 | D:2      | Found an iron altar of Okawaru.
  1205 | D:2      | Killed Natasha
  1205 | D:2      | Reached XP level 4. HP: 34/40 MP: 4/4
  1245 | D:2      | Noticed Natasha
  1262 | D:2      | Killed Natasha
  1557 | D:2      | Found an ancient bone altar of Kikubaaqudgha.
  1577 | D:2      | Noticed a human
  1579 | D:2      | Killed a human
  1671 | D:2      | Noticed Robin
  1674 | D:2      | Noticed Sigmund
  1701 | D:2      | Reached ** piety under Lugonu
  2068 | D:2      | Found a glowing golden altar of the Shining One.
  2117 | D:2      | Reached XP level 5. HP: 42/44 MP: 5/5
  2320 | D:2      | Killed Robin
  2516 | D:3      | Found a blossoming altar of Fedhas.
  2731 | D:3      | Found an iron altar of Okawaru.
  2787 | D:3      | Reached XP level 6. HP: 43/52 MP: 7/7
  2881 | D:3      | Found a radiant altar of Vehumet.
  3077 | D:3      | Found a sacrificial altar of Ru.
  3077 | D:3      | Found a sparkling altar of Nemelex Xobeh.
  3078 | D:3      | Found a white marble altar of Elyvilon.
  3584 | D:4      | Reached *** piety under Lugonu
  3691 | D:4      | Reached XP level 7. HP: 58/60 MP: 8/8
  3816 | D:4      | You fall through a shaft for 2 floors!
  3959 | D:6      | Noticed Rrauwl's ghost (novice TrBe)
  3962 | D:6      | HP: 3/60 [Rrauwl's ghost (19)]
  4006 | D:6      | Mangled by Rrauwl's ghost

Skill      XL: |  1  2  3  4  5  6 |
---------------+-------------------+-----
Axes           | 2 3 |  3.9
Armour         | 2 3 4 |  4.0
Dodging        | 1 |  1.1
Fighting       | 4 |  4.5
Invocations    | 3 |  3.9

Action                   |  1- 3 |  4- 6 |  7- 9 || total
-------------------------+-------+-------+-------++-------
Melee: Hand axe          |   119 |   164 |       ||   283
       War axe           |       |   170 |    16 ||   186
Invok: Depart the Abyss  |     1 |       |       ||     1
  Use: Scroll            |     3 |     3 |     3 ||     9
       Potion            |       |     2 |       ||     2
  Eat: Chunk             |    15 |    29 |     1 ||    45
Armor: Leather armour    |    27 |       |       ||    27
       Plate armour      |    45 |   265 |    10 ||   320
Dodge: Dodged            |    87 |   170 |     5 ||   262
